 Dungeon Crawl Stone Soup version 0.29-a0-284-gf9362112df (webtiles) character file.

Game seed: 8102106383607041278

5057 avis the Cleaver (level 10, 0/91 HPs)
             Began as a Deep Dwarf Necromancer on Mar 26, 2022.
             Was a Believer of Makhleb.
             Killed from afar by Maggie (8 damage)
             ... with a bolt of fire
             ... on level 1 of the Lair of Beasts on Mar 27, 2022.
             The game lasted 01:24:12 (13846 turns).

avis the Cleaver (Deep Dwarf Necromancer)          Turns: 13846, Time: 01:24:13

Health: 0/91       AC: 10    Str: 16      XL:     10   Next: 31%
Magic:  2/16       EV: 13    Int: 18 (19) God:    Makhleb [**....]
Gold:   543        SH:  0    Dex: 19      Spells: 11/19 levels left

rFire   + . .      SeeInvis .   b - +3 hand axe (vamp)
rCold   . . .      Faith    +   (no shield)
rNeg    . . .      Spirit   .   A - +2 animal skin
rPois   .          Reflect  .   G - +2 helmet
rElec   .          Harm     .   N - +2 cloak
rCorr   +          Rampage  .   (no gloves)
Will    +++..                   (no boots)
Stlth   ++++......              c - amulet of Raceag {Faith rF+ Will++ Int+3 Stlth+}
HPRegen 0.00/turn               f - ring of resist corrosion
MPRegen 0.15/turn               u - +6 ring of dexterity

@: no status effects
A: damage resistance, heal wounds, sense surroundings 2, no regeneration
a: Heal Wounds, Renounce Religion, Minor Destruction


You were on level 1 of the Lair of Beasts.
You worshipped Makhleb.
Makhleb was pleased with you.
You visited 3 branches of the dungeon, and saw 11 of its levels.

You collected 543 gold pieces.

Inventory:

Hand Weapons
 a - a +6 hand axe
 b - a +3 vampiric hand axe (weapon)
 q - a +3 short sword
 v - a +1 dagger of electrocution
 w - a +0 shortbow
 H - a +2 vorpal scimitar
 I - a +2 vampiric dagger
 M - a +0 whip of draining
Missiles
 m - 39 poisoned darts
 o - 2 atropa-tipped darts (quivered)
 p - 17 stones
 B - 3 curare-tipped darts
 E - a throwing net
 L - 7 boomerangs
 P - 5 silver boomerangs
Armour
 h - a +0 plate armour
 t - an orb of wrath
 A - a +2 animal skin (worn)
 G - a +2 helmet (worn)
 N - a +2 cloak (worn)
Jewellery
 c - the amulet of Raceag (around neck) {Faith rF+ Will++ Int+3 Stlth+}
   (You acquired it in the Ecumenical Temple)

   [amulet of faith]

   It allows you to gain divine favour quickly.
   Int:       It affects your intelligence (+3).
   rF:        It protects you from fire.
   Will:      It greatly increases your willpower.
   Stlth:     It makes you more stealthy.
 f - a ring of resist corrosion (left hand)
 n - an amulet of reflection
 u - a +6 ring of dexterity (right hand)
 D - an amulet of magic regeneration
 Q - a ring of willpower
Wands
 k - a wand of polymorph (6)
 x - a wand of paralysis (6)
 J - a wand of acid (2)
Scrolls
 g - a scroll of brand weapon
 r - 2 scrolls of vulnerability
 y - a scroll of fog
Potions
 d - 5 potions of haste
 e - 2 potions of lignification
 i - 2 potions of heal wounds
 j - 2 potions of magic
 l - 7 potions of curing
 s - 2 potions of berserk rage
 z - a potion of flight {unknown}
 C - a potion of brilliance {unknown}
 R - a potion of might {unknown}


   Skills:
 - Level 6.0 Fighting
 * Level 11.2 Axes
 - Level 3.0 Dodging
 - Level 3.0 Stealth
 - Level 5.0 Spellcasting
 - Level 3.0 Hexes
 - Level 7.0 Necromancy
 - Level 3.0 Invocations


You had 11 spell levels left.
You knew the following spells:

 Your Spells              Type           Power      Damage    Failure   Level
a - Pain                  Necr           100%       1d9       1%          1
d - Vampiric Draining     Necr           29%        2d8       2%          3
g - Anguish               Hex/Necr       11%        N/A       17%         4

Your spell library contained the following spells:

 Spells                   Type           Power      Damage    Failure   Level
 Animate Skeleton         Necr           58%        N/A       1%          1
 Animate Dead             Necr           14%        N/A       8%          4
 Ensorcelled Hibernation  Hex/Ice        18%        N/A       11%         2
 Tukima's Dance           Hex            15%        N/A       12%         3
 Blink                    Tloc           8%         N/A       21%         2
 Agony                    Necr           29%        N/A       21%         5
 Spider Form              Tmut/Pois      4%         N/A       36%         3
 Manifold Assault         Tloc           4%         N/A       98%         5
 Enfeeble                 Hex            7%         N/A       100%        7
 Storm Form               Tmut/Air       2%         N/A       100%        7


Dungeon Overview and Level Annotations

Branches:
Dungeon (9/15)             Temple (1/1) D:5            Lair (1/6) D:9
    Orc (0/2) D:9

Altars:
Ashenzari
Cheibriados
Dithmenos
Fedhas
Gozag
Hepliaklqana
Kikubaaqudgha
Makhleb
Nemelex Xobeh
Okawaru
Qazlal
Ru
Sif Muna
Trog
Uskayaw
Vehumet
Wu Jian
Xom
Yredelemnul
Zin
The Shining One

Annotations:
D:9 exclusion: orange crystal statue
Lair:1 Maggie


Innate Abilities, Weirdness & Mutations

You are resistant to damage.
You can heal yourself by infusing magical energy.
You passively map the area around you.
You do not regenerate.


Message History

Maggie hits you with a +4 halberd of flaming.
Casting: Vampiric Draining (mildly dangerous; 2% risk of failure)
Confirm with . or Enter, or press ? or * to list all spells.
Aiming: Vampiric Draining (mildly dangerous; 2% risk of failure)
Press: ? - help, Shift-Dir - straight line, f/p - Maggie
Aim: Maggie, wielding a +4 halberd of flaming and wearing +0 steam dragon scales (moderately wounded)
You draw life force from Maggie.
You feel life coursing into your body.
Maggie smiles, but it's obviously fake.
Maggie hits you with a +4 halberd of flaming!
* * * LOW HITPOINT WARNING * * *
Casting: Vampiric Draining (mildly dangerous; 2% risk of failure)
Confirm with . or Enter, or press ? or * to list all spells.
Aiming: Vampiric Draining (mildly dangerous; 2% risk of failure)
Press: ? - help, Shift-Dir - straight line, f/p - Maggie
Aim: Maggie, wielding a +4 halberd of flaming and wearing +0 steam dragon scales (moderately wounded)
You draw life force from Maggie!
You feel life coursing into your body.
Maggie hits you with a +4 halberd of flaming!
* * * LOW HITPOINT WARNING * * *
Maggie burns you.
* * * LOW HITPOINT WARNING * * *
Casting: Vampiric Draining (mildly dangerous; 2% risk of failure)
Confirm with . or Enter, or press ? or * to list all spells.
Aiming: Vampiric Draining (mildly dangerous; 2% risk of failure)
Press: ? - help, Shift-Dir - straight line, f/p - Maggie
Aim: Maggie, wielding a +4 halberd of flaming and wearing +0 steam dragon scales (heavily wounded)
You draw life force from Maggie!
You feel life coursing into your body.
Maggie hits you with a +4 halberd of flaming.
* * * LOW HITPOINT WARNING * * *
Maggie burns you.
You feel a sense of dread.
b - a +3 vampiric hand axe (weapon)
Maggie casts a spell.
Maggie attempts to bespell you! You resist with almost no effort.
You slash Maggie!
You feel better.
Maggie is almost dead.
You closely miss Maggie.
Maggie is almost dead.
Maggie casts a spell at you. The bolt of fire hits you! You resist.
You die...

* *** *
#.........###* ,
##.........#.. * ,,
* #............, *
, #.........#*** ,
,, * ##........##
,, ., #P.........#
, , ... ,
###.........# ,
.....##.........<#*
,......@@.###P....#
, , .......###
#####.# , ......P*
### , , ......# , ,
, ....##* , ,,,....
* , , .## , * , ,
,* ,


You could see Maggie.

Vanquished Creatures
  A troll (D:9)
  3 hornets
  3 wyverns
  5 yaks
  Eustachio (D:5)
  3 steam dragons
  Duvessa (D:7)
  An orc warrior (D:9)
  2 sky beasts
  2 black bears
  A phantom (D:6)
  2 centaurs
  4 kobold brigands
  2 bullfrogs
  A necrophage (D:4)
  9 wights
  Dowan (D:7)
  A jelly (D:6)
  A howler monkey (D:4)
  5 hounds
  An orc priest (D:5)
  Crazy Yiuf (D:7)
  A gnoll shaman (D:8)
  2 iguanas (D:5)
  6 orc wizards
  Robin (D:2)
  12 gnolls
  8 adders
  A worm (D:3)
  2 dart slugs (D:4)
  20 orcs
  7 ball pythons
  5 bats
  5 endoplasms
  2 giant cockroaches
  13 goblins
  12 hobgoblins
  28 kobolds
  7 quokkas
  A frilled lizard (D:3)
  3 rats
187 creatures vanquished.

Vanquished Creatures (others)
  A fungus (D:9)
  3 plants
4 creatures vanquished.

Grand Total: 191 creatures vanquished

Notes
Turn   | Place    | Note
-------+----------+-------------------------------------------
     0 | D:1      | avis the Deep Dwarf Necromancer began the quest for the
                  | Orb.
     0 | D:1      | Reached XP level 1. HP: 15/15 MP: 3/3
   126 | D:1      | Found a faded altar of an unknown god.
   802 | D:2      | Reached XP level 2. HP: 19/22 MP: 0/4
   818 | D:1      | Reached skill level 5 in Necromancy
  1036 | D:1      | HP: 1/22 [gnoll/+0 whip (4)]
  1095 | D:1      | Reached skill level 1 in Fighting
  1120 | D:2      | Reached XP level 3. HP: 21/31 MP: 2/6
  1124 | D:2      | Learned a level 3 spell: Vampiric Draining
  1592 | D:2      | Found a sparkling altar of Nemelex Xobeh.
  1951 | D:2      | Reached XP level 4. HP: 39/39 MP: 4/7
  3054 | D:3      | Noticed Robin
  3177 | D:2      | Killed Robin
  3427 | D:3      | Reached XP level 5. HP: 46/46 MP: 4/9
  4035 | D:4      | Noticed a yak
  4050 | D:4      | Noticed a yak
  4112 | D:4      | Noticed a yak
  4139 | D:4      | Killed a yak
  4140 | D:4      | Reached XP level 6. HP: 29/56 MP: 1/12
  4261 | D:4      | Found a bloodstained altar of Trog.
  4915 | D:4      | Noticed a yak
  4915 | D:4      | Noticed a yak
  4949 | D:3      | Killed a yak
  4950 | D:3      | Reached XP level 7. HP: 27/66 MP: 0/13
  5200 | D:4      | Found an iron altar of Okawaru.
  5504 | D:4      | Killed a yak
  5505 | D:4      | Reached skill level 5 in Fighting
  5539 | D:3      | Killed a yak
  5540 | D:3      | Reached skill level 5 in Spellcasting
  5643 | D:3      | Learned a level 4 spell: Anguish
  5658 | D:4      | Killed a yak
  5659 | D:4      | Reached XP level 8. HP: 48/74 MP: 0/15
  5800 | D:5      | Entered Level 5 of the Dungeon
  5889 | D:5      | Reached skill level 1 in Hexes
  6025 | D:5      | Found a staircase to the Ecumenical Temple.
  6034 | Temple   | Entered the Ecumenical Temple
  6110 | Temple   | Identified a scroll of acquirement
  6110 | Temple   | Acquired the amulet of Raceag {Faith rF+ Will++ Int+3
                  | Stlth+}
  6497 | D:5      | Noticed Eustachio
  6519 | D:5      | Killed Eustachio
  6937 | D:5      | Found an opulent altar of Gozag.
  7502 | D:6      | Found a burning altar of Makhleb.
  7530 | D:6      | Became a worshipper of Makhleb the Destroyer
  7590 | D:6      | Reached skill level 2 in Axes
  7898 | D:6      | Reached skill level 3 in Axes
  8255 | D:6      | Reached skill level 4 in Axes
  8300 | D:6      | Gained mutation: You passively map the area around you.
                  | [Deep Dwarf growth]
  8300 | D:6      | Reached XP level 9. HP: 61/76 MP: 16/16
  8428 | D:6      | Found a glowing silver altar of Zin.
  8445 | D:6      | Reached skill level 5 in Axes
  8622 | D:6      | Found a stormy altar of Qazlal.
  8946 | D:6      | Found a radiant altar of Vehumet.
  8947 | D:6      | Found a broken altar of Ashenzari.
  9067 | D:7      | Noticed Duvessa
  9067 | D:7      | Noticed Dowan
  9083 | D:7      | Killed Duvessa
  9084 | D:7      | Reached skill level 6 in Axes
  9087 | D:7      | Killed Dowan
  9347 | D:6      | Found a blossoming altar of Fedhas.
  9347 | D:6      | Found a shadowy altar of Dithmenos.
  9391 | D:7      | Reached skill level 7 in Axes
  9493 | D:7      | Paralysed by a hornet for 3 turns
  9695 | D:7      | Reached skill level 8 in Axes
  9877 | D:7      | Found a runed translucent door.
  9878 | D:7      | Noticed Crazy Yiuf
  9891 | D:7      | Killed Crazy Yiuf
 10171 | D:7      | Reached skill level 1 in Invocations
 10427 | D:8      | Identified the +10 plate armour of the Crypt {Will- Str+3}
 10674 | D:8      | Reached skill level 9 in Axes
 10683 | D:8      | Reached * piety under Makhleb
 11340 | D:8      | Reached XP level 10. HP: 79/91 MP: 7/17
 12046 | D:9      | Reached skill level 10 in Axes
 12084 | D:9      | Found a staircase to the Orcish Mines.
 12191 | D:9      | Found a staircase to the Lair.
 12455 | D:9      | Reached skill level 11 in Axes
 12592 | D:9      | Reached ** piety under Makhleb
 12756 | D:9      | Noticed an orange crystal statue
 13559 | D:9      | Found a glowing golden altar of the Shining One.
 13707 | Lair:1   | Entered Level 1 of the Lair of Beasts
 13835 | Lair:1   | Noticed Maggie
 13846 | Lair:1   | Killed from afar by Maggie

Illustrated notes

Levels and vault maps discovered:
D:1:      scummos_arrival_forest, layout_basic, ebering_ecumenical_altar_rust,
          serial_bayou_pond_d, chequers_serial_rivers_room_b,
          nicolae_figureground_sparkle
D:2:      layout_basic, basic_altar
D:3:      corexii_shack_village, layout_loops_corners, uniq_robin
D:4:      layout_loops_ring, mainiacjoe_overflow_tiny_flanked,
          okawaru_metal_pillars_1_2, minmay_box_of_dots
D:5:      layout_layer_cave, mainiacjoe_overflow_paths,
          minmay_temple_entry_gardened_gates, uniq_eustachio
D:6:      layout_basic, lemuel_doored_altar, makhleb_blood_cavern_becter,
          lemuel_coloured_pillars_altar, nicolae_overflow_hidden_temple
D:7:      layout_gridville, chequers_serial_rivers_micro_e, uniq_duvessa,
          uniq_crazy_yiuf_cottage
D:8:      layout_gridville, chequers_mini_garden
D:9:      layout_basic, tso_oasis_becter, dpeg_oklobed_lair, orc_0_dummy,
          minivault_15
Temple:   eino_wide_crystal_templ
Lair:1:   layout_cave_pods, portal_ice_cave_entry_ice_simulacra,
          grunt_megastairs_3, uniq_maggie

Skill      XL: |  1  2  3  4  5  6  7  8  9 10 |
---------------+-------------------------------+-----
Necromancy     | 5 6 7 |  7.0
Spellcasting   | 2 3 4 5 |  5.0
Fighting       | 1 2 3 4 5 6 |  6.0
Stealth        | 3 |  3.0
Hexes          | 3 |  3.0
Dodging        | 3 |  3.0
Axes           | 4 9 11 | 11.2
Invocations    | 3 |  3.0

Action                   |  1- 3 |  4- 6 |  7- 9 | 10-12 || total
-------------------------+-------+-------+-------+-------++-------
Melee: Dagger            |     2 |   112 |    66 |       ||   180
       Punch             |       |     1 |     1 |     3 ||     5
       Hand axe          |       |       |    97 |    88 ||   185
 Fire: Shortbow          |       |     3 |    27 |     5 ||    35
 Cast: Pain              |    50 |    59 |     2 |    32 ||   143
       Vampiric Draining |     5 |    36 |   110 |    28 ||   179
       Anguish           |       |       |     1 |       ||     1
 Abil: Heal Wounds       |     1 |       |     2 |     3 ||     6
Evoke: Wand              |       |       |     8 |     6 ||    14
  Use: Scroll            |       |       |    13 |     5 ||    18
 Stab: Sleeping          |       |     3 |     6 |     1 ||    10
Armor: Robe              |     7 |       |       |       ||     7
       Leather armour    |     1 |     6 |       |       ||     7
       Animal skin       |       |    17 |    45 |    33 ||    95
Dodge: Dodged            |    25 |    70 |   130 |    76 ||   301

Table legend: (Time is in decaauts)
 A = Elapsed time spent in this place.
 B = Non-inter-level travel time spent in this place.
 C = Inter-level travel time spent in this place.
 D = Time resting spent in this place.
 E = Time spent auto-exploring this place.
 F = Levels seen in this place.
 G = Mean time per level.
                   A        B        C        D        E       F      G
               +--------+--------+--------+--------+--------+-----+--------+
         Total |  13809 |  12481 |   1328 |   4598 |   5255 |  11 | 1255.4 |
       Dungeon |  13687 |  12371 |   1316 |   4598 |   5217 |   9 | 1520.8 |
        Temple |     99 |     87 |     12 |      0 |     38 |   1 |   99.0 |
          Lair |     22 |     22 |      0 |      0 |      0 |   1 |   22.0 |
               +--------+--------+--------+--------+--------+-----+--------+

Top non-repeatable levels by time:
     D:3: 2052 daAuts
     D:6: 2001 daAuts
     D:9: 1766 daAuts
     D:5: 1509 daAuts
     D:4: 1385 daAuts
     D:8: 1331 daAuts
     D:2: 1311 daAuts
     D:7: 1234 daAuts
     D:1: 1094 daAuts
  Temple: 99 daAuts
  Lair:1: 22 daAuts
